 Dungeon Crawl Stone Soup version 0.31-a0-986-g5e6e4ef867 (webtiles) character file.

Game seed: 2848657394971146030

9891 croobank the Caller (level 11, 0/89 HPs)
             Began as a Demigod Summoner on Nov 4, 2023.
             Slain by a basilisk (15 damage)
             ... on level 12 of the Dungeon.
             The game lasted 00:35:03 (11896 turns).

croobank the Caller (Demigod Summoner)             Turns: 11896, Time: 00:35:03

Health: 0/89       AC:  9    Str:  9    XL:     11   Next: 8%
Magic:  11/23      EV: 14    Int: 35    God:
Gold:   271        SH:  0    Dex: 17    Spells: 8/21 levels left

rFire   . . .        a - +0 flail of Malum Prohibitum {spect, rPois Int+6 Dex+3}
rCold   . . .        (no shield)
rNeg    . . .        O - +0 troll leather armour
rPois   +            G - +0 helmet
rElec   .            (no cloak)
rCorr   .            B - +1 Delatra's gloves {ID++}
SInv    .            i - +1 pair of boots {rampage}
Will    +....        (no amulet)
Stlth   +++          (no ring)
HPRegen 1.14/turn    (no ring)
MPRegen 0.18/turn

%: rampage
@: no status effects
A: high MP 1, forlorn, divine attributes
a: no special abilities


You were on level 12 of the Dungeon.
You visited 1 branch of the dungeon, and saw 12 of its levels.

You collected 902 gold pieces.
You spent 631 gold pieces at shops.

Inventory:

Hand Weapons
 a - the +0 flail of Malum Prohibitum (weapon) {spect, rPois Int+6 Dex+3}
   (You bought it in a shop on level 3 of the Dungeon)

   Int+6:     It affects your intelligence (+6).
   Dex+3:     It affects your dexterity (+3).
   rPois:     It protects you from poison
 b - a +0 sling
 g - a +0 scimitar
 n - a +0 flail of holy wrath
 p - a +2 dagger of venom
 s - a +0 trident
 w - a +4 hand axe
 x - a +0 arbalest
 N - the +9 hand axe of the Festooned God {heavy, *Noise +Blink rElec Stlth+}
   (You found it on level 9 of the Dungeon)

   rElec:     It insulates you from electricity.
   +Blink:    It lets you blink.
   *Noise:    It may make a loud noise when swung.
   Stlth+:    It makes you more stealthy.
 P - a +2 shortbow of freezing
 Q - a +3 scimitar of flaming
Missiles
 e - 6 boomerangs
 f - 4 curare-tipped darts
 y - 6 javelins
 J - 18 poisoned darts
Armour
 i - a +1 pair of boots of rampaging (worn)
 k - a scarf of shadows
 B - the +1 Delatra's gloves (worn) {ID++}
   (You found it on level 5 of the Dungeon)

   ID++:      It heals its wearer when they drink unknown potions, and restores
   their MP when they read unknown scrolls.
 E - a +0 ring mail
 G - a +0 helmet (worn)
 K - a +1 hat
 O - a +0 troll leather armour (worn)
Jewellery
 U - an amulet of the acrobat
Wands
 m - a wand of paralysis (5)
 t - a wand of iceblast (1)
 v - a wand of mindburst (16)
 D - a wand of flame (18)
 R - a wand of quicksilver (2)
Scrolls
 h - 2 scrolls of blinking
 l - a scroll of identify
 o - a scroll of vulnerability
 C - a scroll of fog
 M - a scroll of torment
 S - a scroll of teleportation
Potions
 c - a potion of lignification
 d - a potion of ambrosia
 j - a potion of berserk rage
 q - 4 potions of heal wounds
 r - 4 potions of attraction
 u - 2 potions of haste
 z - a potion of cancellation
 A - a potion of invisibility
 H - a potion of magic
 I - a potion of resistance
 L - 2 potions of curing
 T - 2 potions of mutation


   Skills:
 + Level 5.7 Fighting
 * Level 3.7 Maces & Flails
 + Level 5.7 Armour
 + Level 6.1 Dodging
 + Level 6.7 Stealth
 + Level 5.5 Spellcasting
 - Level 5.0 Hexes
 + Level 6.8 Summonings
 + Level 4.1 Air Magic


You had 8 spell levels left.
You knew the following spells:

 Your Spells              Type           Power      Damage    Failure   Level
a - Summon Small Mammal   Summ           100%       N/A       1%          1
b - Call Imp              Summ           100%       N/A       1%          2
c - Call Canine Familiar  Summ           55%        N/A       1%          3
d - Summon Guardian Gole  Hex/Summ       50%        N/A       1%          3
e - Summon Lightning Spi  Summ/Air       48%        N/A       5%          4

Your spell library contained the following spells:

 Spells                   Type           Power      Damage    Failure   Level
 Tukima's Dance           Hex            44%        N/A       1%          3
 Shock                    Conj/Air       96%        1d9       2%          1
 Swiftness                Air            38%        N/A       2%          3
 Airstrike                Air            19%        2d(3-19)  10%         4
 Dimensional Bullseye     Hex/Tloc       13%        N/A       19%         4
 Brom's Barrelling Bould  Conj/Erth      9%         2d3       45%         4
 Iskenderun's Mystic Bla  Conj/Tloc      9%         2d4       45%         4
 Fireball                 Conj/Fire      4%         3d4       82%         5
 Iskenderun's Battlesphe  Conj           9%         2d6       82%         5
 Conjure Ball Lightning   Conj/Air       12%        3x3d6     98%         6
 Orb of Destruction       Conj           4%         9d5       100%        7


Dungeon Overview and Level Annotations

Branches:
Dungeon (12/15)            Temple (0/1) D:4            Lair (0/5) D:11
    Orc (0/2) D:9

Shops:
D:3 (   D:7 [   D:11 *


Innate Abilities, Weirdness & Mutations

You have an increased reservoir of magic. (+10% MP)
You shall have no god before yourself.
Your divine heritage dramatically boosts your attributes as you level up.


Message History

The manticore is moderately wounded.
Your +0 flail of Malum Prohibitum {spect, rPois Int+6 Dex+3} hits the manticore.
The manticore struggles against the net.
The basilisk bites your +0 flail of Malum Prohibitum {spect, rPois Int+6 Dex+3} but does no damage.
You hit the manticore but do no damage.
The manticore is moderately wounded.
Your +0 flail of Malum Prohibitum {spect, rPois Int+6 Dex+3} hits the manticore.
The manticore struggles against the net.
The net rips apart, and the manticore comes free!
Your rat closely misses the basilisk.
You barely miss the manticore.
The manticore is moderately wounded.
Your +0 flail of Malum Prohibitum {spect, rPois Int+6 Dex+3} hits the manticore but does no damage.
The manticore bites you! The manticore claws you.
The manticore claws you but does no damage.
The basilisk bites you!
Your rat bites the basilisk but does no damage.
You hit the manticore.
The manticore is heavily wounded.
Your +0 flail of Malum Prohibitum {spect, rPois Int+6 Dex+3} completely misses the manticore.
The manticore closely misses you. The manticore claws you. x2
Your rat bites the basilisk but does no damage.
The basilisk bites you.
Your rat barely misses the basilisk.
The manticore bites you! The manticore claws you!
The manticore claws you but does no damage.
The basilisk bites you!
* * * LOW HITPOINT WARNING * * *
Casting: Summon Small Mammal (safe; 1% risk of failure)
Confirm with . or Enter, or press ? or * to list all spells.
An electric hum fills the air.
Your +0 flail of Malum Prohibitum {spect, rPois Int+6 Dex+3} disappears.
You carefully extract the barbed spikes from your body.
Your lightning spire disappears in a puff of smoke!
Your rat bites the basilisk but does no damage.
The manticore bites you.
* * * LOW HITPOINT WARNING * * *
The manticore claws you.
* * * LOW HITPOINT WARNING * * *
The manticore closely misses you. The basilisk bites you!
You die...

#.#... ..#.
.#.:... ...
.......#..#
.....ยง....#
..........##### #
.....#.<# ....#..
#.......##.......
#.##.............
#.##5r@.8.....
... #.#lH......
#.. ....#.......
#.. ##... #...#..
#.# .... ##...#
#...#. ..## #...
## #...


You could see a manticore (ally target), a basilisk, a friendly lightning spire
(summoned), a friendly cerulean imp (summoned) and a friendly rat (summoned).

Vanquished Creatures
  Erica (D:9)
  A troll (D:9)
  Grinder (D:3)
  A shadow (D:7)
  2 orc warriors
  A nameless horror (D:9)
  2 kobold brigands
  2 bullfrogs
  A wight (D:6)
  2 howler monkeys
  Ijyb (D:5)
  An iguana (D:5)
  An orc wizard (D:5)
  An adder (D:5)
  5 gnolls
  An ufetubus (D:5)
  12 orcs
  3 endoplasms
  A giant cockroach (D:2)
  2 hobgoblins
  A jackal (D:2)
  5 quokkas
  10 ball pythons
  A bat (D:1)
  2 kobolds (D:2)
  3 rats
64 creatures vanquished.

Vanquished Creatures (collateral kills)
  Erolcha (D:11)
  Sonja (D:10)
  A komodo dragon (D:10)
  5 trolls (D:11)
  A nameless horror (D:7)
  2 shadows
  2 yaks (D:10)
  A steam dragon (D:7)
  An acid dragon (D:10)
  A water moccasin (D:7)
  2 orc warriors
  3 black bears
  2 centaurs
  A phantom (D:5)
  A kobold brigand (D:8)
  A gnoll sergeant (D:7)
  A scorpion (D:6)
  A wight (D:6)
  A howler monkey (D:7)
  2 orc priests (D:9)
  A gnoll bouda (D:7)
  A sleepcap (D:7)
  An iguana (D:4)
  7 orc wizards
  6 gnolls
  3 adders (D:2)
  A white imp (D:8)
  An ufetubus (D:5)
  A dart slug (D:1)
  18 orcs
  A ball python (D:2)
  2 endoplasms
  A giant cockroach (D:1)
  5 goblins
  4 hobgoblins
  3 jackals (D:2)
  11 kobolds
  A quokka (D:1)
  3 bats
  2 frilled lizards (D:1)
104 creatures vanquished.

Vanquished Creatures (others)
  A two-headed ogre (D:8)
  A manticore (D:7)
  2 trolls (D:7)
  4 yaks (D:10)
  A wyvern (D:10)
  A warg (D:9)
  3 acid dragons
  3 orc warriors
  An ogre (D:6)
  A bullfrog (D:9)
  A gnoll sergeant (D:6)
  2 wights (D:6)
  An orc priest (D:9)
  7 gnolls
  6 orcs
  5 kobolds
40 creatures vanquished.

Grand Total: 208 creatures vanquished

Notes
Turn   | Place    | Note
-------+----------+-------------------------------------------
     0 | D:1      | croobank the Demigod Summoner began the quest for the Orb.
     0 | D:1      | Reached XP level 1. HP: 14/14 MP: 5/5
   457 | D:1      | Reached XP level 2. HP: 20/20 MP: 7/7
   463 | D:1      | Learned a level 2 spell: Call Imp
  1199 | D:2      | Reached XP level 3. HP: 27/27 MP: 6/8
  1205 | D:2      | Learned a level 3 spell: Call Canine Familiar
  2170 | D:3      | Found Xuapadov's Weapon Boutique.
  2294 | D:3      | Noticed Grinder
  2310 | D:3      | Killed Grinder
  2311 | D:3      | Reached skill level 1 in Fighting
  2311 | D:3      | Reached skill level 1 in Armour
  2311 | D:3      | Reached XP level 4. HP: 36/36 MP: 2/10
  2311 | D:3      | Reached XP level 5. HP: 41/41 MP: 2/11
  2991 | D:4      | Learned a level 3 spell: Summon Guardian Golem
  3353 | D:4      | Noticed a black bear
  3362 | D:4      | Killed a black bear
  3363 | D:4      | Reached XP level 6. HP: 48/48 MP: 5/13
  3491 | D:4      | Found a staircase to the Ecumenical Temple.
  3686 | D:5      | Entered Level 5 of the Dungeon
  3832 | D:5      | Noticed Ijyb
  3956 | D:5      | Reached skill level 1 in Hexes
  4114 | D:5      | Killed Ijyb
  4115 | D:5      | Reached XP level 7. HP: 41/56 MP: 14/14
  5012 | D:5      | Found the +1 Delatra's gloves {ID++}
  5661 | D:6      | Reached skill level 5 in Summonings
  5736 | D:6      | Reached XP level 8. HP: 55/63 MP: 5/16
  5994 | D:6      | Learned a level 4 spell: Summon Lightning Spire
  6374 | D:7      | Found Nilaox's Antique Armour Boutique.
  6520 | D:7      | Reached skill level 1 in Air Magic
  6592 | D:7      | Noticed a troll
  6610 | D:7      | Killed a troll
  6754 | D:7      | Noticed a manticore
  6781 | D:7      | Killed a manticore
  6782 | D:7      | Reached skill level 5 in Stealth
  6782 | D:7      | Reached XP level 9. HP: 71/71 MP: 12/18
  6942 | D:7      | Noticed a nameless horror
  7226 | D:7      | Reached skill level 5 in Dodging
  7394 | D:7      | Killed a nameless horror
  7939 | D:8      | Noticed a two-headed ogre
  7946 | D:8      | Killed a two-headed ogre
  8522 | D:9      | Found a staircase to the Orcish Mines.
  8582 | D:9      | Reached XP level 10. HP: 52/80 MP: 2/21
  8863 | D:3      | Bought the +0 flail of Malum Prohibitum {spect, rPois Int+6
                  | Dex+3} for 504 gold pieces
  9008 | D:9      | Identified the +9 hand axe of the Festooned God {heavy,
                  | *Noise +Blink rElec Stlth+}
  9149 | D:9      | Noticed Erica
  9191 | D:9      | Killed Erica
  9192 | D:9      | Reached skill level 5 in Fighting
  9192 | D:9      | Reached skill level 1 in Maces & Flails
  9192 | D:9      | Reached skill level 5 in Armour
  9192 | D:9      | Reached skill level 5 in Spellcasting
  9594 | D:10     | Entered Level 10 of the Dungeon
  9618 | D:10     | Noticed Sonja
  9926 | D:10     | Killed Sonja
 10914 | D:11     | Found Jipo Zuewnaj's Assorted Antiques.
 10926 | D:11     | Bought a clear potion for 23 gold pieces
 10926 | D:11     | Bought a scroll labelled WOLYPA MOGYA for 26 gold pieces
 10926 | D:11     | Bought a scroll of identify for 52 gold pieces
 10926 | D:11     | Bought a scroll labelled GEUCUI BASTE for 26 gold pieces
 11072 | D:11     | Found a staircase to the Lair.
 11096 | D:11     | Noticed Erolcha
 11117 | D:11     | Killed Erolcha
 11118 | D:11     | Reached skill level 5 in Hexes
 11118 | D:11     | Reached XP level 11. HP: 88/88 MP: 10/23
 11896 | D:12     | Slain by a basilisk

Illustrated notes

Levels and vault maps discovered:
D:1:      roderic_crossed_star, layout_loops_ring, hangedman_decor_opposing
D:2:      layout_rooms
D:3:      layout_loops_corners, serial_shops, nicolae_shop_bloodbath_and_beyond,
          dreamdust_ecumenical_altar_grove, hangedman_decor_clover_reticule,
          uniq_grinder
D:4:      layout_loops_ring, minmay_temple_entry_antechambers
D:5:      layout_loops_corners, nicolae_dithmenos_the_darkroom,
          grunt_qazlal_clouds, pf_guarded_unrand_delatra, uniq_ijyb
D:6:      layout_loops_ring, chequers_serial_rivers_micro_c
D:7:      layout_basic, lemuel_tele_altar, mainiacjoe_overflow_catwalk,
          serial_shops, shop, minmay_shattered_shrine
D:8:      layout_basic, mainiacjoe_overflow_cross_hatched,
          ashenzari_conservatory_becter, nicolae_overflow_crystal_walls,
          chequers_serial_rivers_small_3, hangedman_decor_push
D:9:      layout_loops_ring, mainiacjoe_overflow_chevrons, david_orc_3,
          nicolae_elevator_lobby_plus, uniq_erica
D:10:     layout_cross, abandoned_shop, uniq_sonja
D:11:     layout_stronghold, lair_entry_dummy, serial_shops, shop_coins,
          nicolae_letterblocks [nicolae_letter_subblock,
          nicolae_letter_subblock, nicolae_letter_subblock,
          nicolae_letter_subblock, nicolae_letter_subblock,
          nicolae_letter_subblock, nicolae_letter_subblock,
          nicolae_letter_subblock, nicolae_letter_subblock,
          nicolae_letter_subblock, nicolae_letter_subblock,
          nicolae_letter_subblock, nicolae_letter_subblock,
          nicolae_letter_subblock, nicolae_letter_subblock,
          nicolae_letter_subblock, nicolae_letter_subblock,
          nicolae_letter_subblock, nicolae_letter_subblock,
          nicolae_letter_subblock, nicolae_letter_subblock,
          nicolae_letter_subblock, nicolae_letter_subblock,
          nicolae_letter_subblock, nicolae_letter_subblock], uniq_erolcha
D:12:     layout_rooms, uniq_kirke, uniq_jorgrun, uniq_psyche

Skill      XL: |  1  2  3  4  5  6  7  8  9 10 |
---------------+-------------------------------+-----
Stealth        | 2 3 4 5 6 |  6.7
Dodging        | 2 3 4 5 6 |  6.1
Spellcasting   | 2 3 4 5 |  5.5
Summonings     | 4 5 6 |  6.8
Fighting       | 1 2 3 4 5 |  5.7
Armour         | 1 2 3 4 5 |  5.7
Hexes          | 1 2 3 4 5 |  5.0
Air Magic      | 1 3 4 |  4.1
Maces & Flails | 3 |  3.7

Action                     |  1- 3 |  4- 6 |  7- 9 | 10-12 || total
---------------------------+-------+-------+-------+-------++-------
  Melee: Unarmed           |    11 |       |       |       ||    11
         Dagger            |    42 |    46 |   178 |     9 ||   275
         Punch             |       |     1 |     4 |     2 ||     7
         Flail             |       |       |       |    32 ||    32
   Fire: Sling             |    12 |     2 |       |       ||    14
         Arbalest          |       |     3 |       |       ||     3
  Throw: Throwing net      |       |       |     2 |     2 ||     4
   Cast: Summon Small Mamm |    34 |     5 |     8 |     5 ||    52
         Call Imp          |    13 |     3 |    11 |     7 ||    34
         Call Canine Famil |     8 |     7 |    37 |    10 ||    62
         Summon Guardian G |       |     4 |    18 |    11 ||    33
         Summon Lightning  |       |       |    12 |    22 ||    34
  Evoke: Wand              |     1 |     4 |     5 |     9 ||    19
    Use: Scroll            |       |     7 |     8 |    13 ||    28
         Potion            |       |       |     4 |     1 ||     5
   Stab: Sleeping          |     3 |     3 |     1 |     1 ||     8
         Paralysed         |       |     2 |     2 |       ||     4
         Distracted        |       |       |     3 |       ||     3
         Held in net/web   |       |       |     1 |     1 ||     2
 Armour: Robe              |     9 |       |       |       ||     9
         Leather armour    |    24 |    34 |   140 |     6 ||   204
         Troll leather arm |       |       |       |    62 ||    62
  Dodge: Dodged            |    74 |    26 |   137 |    71 ||   308

Table legend: (Time is in decaauts)
 A = Elapsed time spent in this place.
 B = Non-inter-level travel time spent in this place.
 C = Inter-level travel time spent in this place.
 D = Time resting spent in this place.
 E = Time spent auto-exploring this place.
 F = Levels seen in this place.
 G = Mean time per level.
                   A        B        C        D        E       F      G
               +--------+--------+--------+--------+--------+-----+--------+
         Total |  11906 |  11205 |    701 |   2072 |   6907 |  12 |  992.2 |
       Dungeon |  11906 |  11205 |    701 |   2072 |   6907 |  12 |  992.2 |
               +--------+--------+--------+--------+--------+-----+--------+

Top non-repeatable levels by time:
     D:5: 1608 daAuts
    D:11: 1317 daAuts
     D:9: 1203 daAuts
     D:7: 1170 daAuts
     D:6: 1166 daAuts
     D:1: 1136 daAuts
     D:3: 1082 daAuts
     D:8: 896 daAuts
     D:4: 796 daAuts
     D:2: 786 daAuts
    D:10: 728 daAuts
    D:12: 13 daAuts
